AoeStats
← DaffySpace6253

MegaRandom

510740462Analyzed
2v2 RM · 14h ago on Oct 2, 2026· 32m 46s· 4 players
Game mode
Random Map
Map size
Medium (4 player)
Population
200
Speed
Normal
Resources
Standard
Victory
Conquest
Starting age
Dark Age
Ending age
Imperial Age
RankedLock teamsTeams togetherTeam positionsShared explorationLock speedFull tech treeHidden civsTurbo modeCheats
Victory
Defeat
🇧🇪 Japanese · Belgium
936
+16
🇨🇳 Franks · China
886
+18
🇮🇹 Bohemians · Italy
932
-17
🇮🇹 Teutons · Italy
931
-17
Robyht
0:35 Loom
10:43 Feudal Age
11:49 Town Watch
16:14 Castle Age
14:29 Horse Collar
15:30 Double-Bit Axe
16:52 Pikeman
18:54 Medium Warships
19:53 Fishing Lines
20:34 Gillnets
21:20 Bow Saw
23:09 Heavy Plow
24:59 Wheelbarrow
27:22 Stone Mining
28:45 Town Patrol
DaffySpace6253
11:25 Feudal Age
9:50 Loom
16:05 Castle Age
19:51 Wheelbarrow
21:28 Double-Bit Axe
23:29 Horse Collar
24:49 Pikeman
Overlord
14:26 Feudal Age
15:32 Fishing Lines
18:08 Castle Age
16:35 Double-Bit Axe
16:34 Horse Collar
16:46 Fishing Lines
17:14 Stone Mining
21:41 Medium Warships
21:30 Gold Mining
23:27 Squires
23:39 Forging
23:29 Scale Mail Armor
24:22 Bow Saw
24:49 Gold Shaft Mining
26:24 Iron Casting
26:05 Chain Mail Armor
33:03 Heavy Plow
wBIRDSf
10:38 Feudal Age
14:00 Forging
15:25 Loom
17:46 Castle Age
17:56 Scale Barding Armor
18:09 Double-Bit Axe
18:35 Gold Mining
20:08 Husbandry
22:01 Chain Barding Armor
22:42 Wheelbarrow
23:28 Iron Casting
24:41 Town Watch
25:12 Hand Cart
33:08 Bow Saw
Connection lost

Rejoining the realm…

Still unreachable

The connection could not be restored.

Session expired

The server has moved on; the page needs a fresh start.